 Dungeon Crawl Stone Soup version 0.31.0-9-g3a7656b989 (webtiles) character file.

Game seed: 16736461897077171698

123 qw the Shooter (level 4, -4/23 HPs)
             Began as a Spriggan Hunter on Feb 2, 2024.
             Killed by divine providence
             ... invoked by an orc priest
              (15 damage)
             ... on level 3 of the Dungeon.
             The game lasted 00:00:07 (2325 turns).

qw the Shooter (Spriggan Hunter)                    Turns: 2325, Time: 00:00:08

Health: -4/23      AC:  4    Str: 13    XL:     4   Next: 80%
Magic:  5/5        EV: 20    Int: 10    God:
Gold:   148        SH:  0    Dex: 20    Spells: 3/3 levels left

rFire   . . .        a - +0 shortbow
rCold   . . .        (shield currently unavailable)
rNeg    . . .        c - +0 robe
rPois   .            (helmet restricted)
rElec   .            i - +1 cloak
rCorr   .            (gloves unavailable)
SInv    +            (boots unavailable)
Will    .....        j - amulet of faith
Stlth   ++           e - +6 ring of strength
HPRegen 0.23/turn    (no ring)
MPRegen 0.09/turn

%: faith
@: very quick
A: very small, no large weapons, unfitting armour, see invisible, speed 3
a: no special abilities


You were on level 3 of the Dungeon.
You visited 1 branch of the dungeon, and saw 3 of its levels.

You collected 148 gold pieces.


Innate Abilities, Weirdness & Mutations

You are very small and have problems with some larger weapons.
You are too small for most types of armour.
You have supernaturally acute eyesight. (SInv)
You cover ground extremely quickly. (Speed+++)


   Skills:
 - Level 2.0 Fighting
 + Level 5.1 Ranged Weapons
 - Level 5.0 Dodging
 - Level 1.5 Stealth


You had 3 spell levels left.
You didn't know any spells.
Your spell library was empty.

Inventory:

Hand Weapons
 a - a +0 shortbow (weapon)
Armour
 c - a +0 robe (worn)
 i - a +1 cloak (worn)
Jewellery
 e - a +6 ring of strength (left hand)
 j - an amulet of faith (around neck)
 n - a ring of ice
Wands
 b - a wand of flame (26)
Scrolls
 f - a scroll of teleportation {unknown}
 l - a scroll of amnesia {unknown}
Potions
 d - 5 potions of curing
 g - a potion of mutation {unknown}
 h - a potion of might
 k - a potion of haste {unknown}

Dungeon Overview and Level Annotations

Branches:
Dungeon (3/15)

Altars:
Fedhas
Kikubaaqudgha

Annotations:
D:2 1 runed translucent door, Crazy Yiuf


Message History

You shoot an arrow. The arrow hits the orc!
You kill the orc!
You shoot an arrow.
The arrow hits the orc priest but does no damage.
The orc priest completely misses you.
You shoot an arrow. The arrow hits the orc priest.
The orc priest is moderately wounded.
The orc priest barely misses you.
You shoot an arrow.
The arrow hits the orc priest but does no damage.
The orc priest is moderately wounded.
The orc priest completely misses you.
You shoot an arrow.
The arrow hits the orc priest but does no damage.
The orc priest is moderately wounded.
The orc priest hits you with a +0 dagger.
You shoot an arrow. The arrow hits the orc priest.
The orc priest is heavily wounded.
The orc priest calls down the wrath of Beogh upon you.
You struggle to resist.
You shoot an arrow. The arrow hits the orc priest.
The orc priest is heavily wounded.
The orc priest mumbles some strange prayers to Beogh against you.
Pain shoots through your body!
You shoot an arrow.
The arrow hits the orc priest but does no damage.
The orc priest is heavily wounded.
The orc priest hits you with a +0 dagger.
The orc priest mumbles some strange prayers to Beogh against you.
You struggle to resist.
You shoot an arrow.
The arrow completely misses the orc priest.
The orc priest calls down the wrath of Beogh upon you.
Beogh smites you!
You shoot an arrow. The arrow hits the orc priest.
The orc priest is severely wounded.
The orc priest mumbles some strange prayers to Beogh against you.
Beogh smites you!
Ouch! That really hurt!
You die...

#.........#### #..........####
#.............# #........#....#
..........###.###........#..%.'
~........# #..##........#....#
........# ##..#........#..(.#
........# ##...########....#
.#.###### ###.#...........# ..
#####.#...........#
#.@..'#...........#
#o##...........#### #.)
#.....##### # #.P #......... #
#.. #....##### ### ##.##....#
#.. #.#.....# #.# #.####### #


You could see an orc priest.

Vanquished Creatures
  A gnoll (D:2)
  3 adders
  3 dart slugs
  2 ribbon worms (D:2)
  7 orcs
  7 bats
  11 endoplasms
  A giant cockroach (D:1)
  4 goblins
  4 hobgoblins
  2 jackals (D:2)
  3 quokkas
  5 ball pythons
  2 frilled lizards
  6 kobolds
  5 rats
66 creatures vanquished.

Notes
Turn   | Place    | Note
-------+----------+-------------------------------------------
     0 | D:1      | qw the Spriggan Hunter began the quest for the Orb.
     0 | D:1      | Reached XP level 1. HP: 10/10 MP: 2/2
     0 | D:1      | 0 ||| qw: Version: 0.3-a-155-g5e7d8dd
     0 | D:1      | 0 ||| qw: Game counter: 1652
     0 | D:1      | 0 ||| qw: Melee chars always use a shield: true
     0 | D:1      | 0 ||| qw: God list: Okawaru
     0 | D:1      | 0 ||| qw: Allow faded altars: false
     0 | D:1      | 0 ||| qw: Do Orc after clearing Dungeon:15 true
     0 | D:1      | 0 ||| qw: Do second Lair branch before Depths: true
     0 | D:1      | 0 ||| qw: Lair rune preference: random
     0 | D:1      | 0 ||| qw: Goals: Normal
     0 | D:1      | 0 ||| PLANNING D:1-11
    46 | D:1      | Reached skill level 3 in Dodging
   201 | D:1      | Reached XP level 2. HP: 14/14 MP: 3/3
   841 | D:1      | 841 ||| UPGRADING to +0 cloak.
   846 | D:1      | 846 ||| UPGRADING to amulet of faith.
   851 | D:1      | 851 ||| READING scroll labelled MUOZIBI JOYRA.
   852 | D:1      | 852 ||| READING scroll labelled XOMMURO KERYPP.
   852 | D:1      | 852 ||| IDENTIFYING lumpy ruby potion
   853 | D:1      | 853 ||| READING scroll labelled BUYSMA YGYM.
   853 | D:1      | Identified a scroll of acquirement
   853 | D:1      | 853 ||| ACQUIRING +6 ring of strength
   853 | D:1      | Acquired a +6 ring of strength
   855 | D:1      | 855 ||| UPGRADING to +6 ring of strength.
   856 | D:1      | 856 ||| DRINKING 2 sapphire potions.
   857 | D:1      | 857 ||| DRINKING 2 lumpy golden potions.
   858 | D:1      | 858 ||| DROPPING scroll of butterflies.
   859 | D:1      | 859 ||| DROPPING potion of ambrosia.
   860 | D:1      | 860 ||| DROPPING potion of brilliance.
  1044 | D:2      | Reached XP level 3. HP: 18/18 MP: 4/4
  1430 | D:2      | Reached XP level 4. HP: 19/22 MP: 5/5
  1430 | D:2      | 1430 ||| FLEEEEING.
  1489 | D:2      | Found a runed translucent door.
  1490 | D:2      | Noticed Crazy Yiuf
  1824 | D:2      | 1824 ||| READING scroll labelled NOHULA QUUKHU.
  1824 | D:2      | 1824 ||| ENCHANTING +0 cloak.
  1825 | D:2      | 1825 ||| DRINKING 2 fuming emerald potions.
  1857 | D:3      | 1857 ||| STAIRDANCE
  1862 | D:3      | 1862 ||| STAIRDANCE
  1919 | D:3      | Found a faded altar of an unknown god.
  1958 | D:3      | Found an ancient bone altar of Kikubaaqudgha.
  1966 | D:3      | Found a blossoming altar of Fedhas.
  2325 | D:3      | Killed from afar by an orc priest

Levels and vault maps discovered:
D:1:      roderic_crossed_star, layout_loops_corners
D:2:      layout_loops_ring, chequers_arboretum, cheibrodos_gnoll_hut,
          uniq_crazy_yiuf_cottage
D:3:      layout_basic, grunt_temple_overflow_growth_and_decay,
          elyvilon_altar_1, dreamdust_ecumenical_altar_statues,
          corexii_item_surrounded_by_moat

Skill      XL: |  1  2  3  4 |
---------------+-------------+-----
Dodging        | 3 4 5 |  5.0
Ranged Weapons | 5 |  5.1
Fighting       | 2 |  2.0
Stealth        | |  1.5

Action                     |  1- 3 |  4- 6 || total
---------------------------+-------+-------++-------
   Fire: Shortbow          |   110 |    92 ||   202
    Use: Scroll            |     3 |     1 ||     4
         Potion            |     2 |     1 ||     3
 Armour: Robe              |    17 |    13 ||    30
  Dodge: Dodged            |    32 |    27 ||    59

Table legend:
 A = Non-vault XP
 B = Vault XP
 C = Vault XP percentage of total XP
 D = Non-vault monster count
 E = Vault monster count
 F = Vault count percentage of total count
                 A         B        C        D         E       F
            +---------+---------+-------+---------+---------+-------
      Total |     159 |      18 |  10.2 |      63 |       3 |   4.5
            +---------+---------+-------+---------+---------+-------
        D:1 |      29 |       0 |   0.0 |      18 |       0 |   0.0
        D:2 |      65 |      18 |  21.7 |      25 |       3 |  10.7
        D:3 |      65 |       0 |   0.0 |      20 |       0 |   0.0
            +---------+---------+-------+---------+---------+-------
